 Dungeon Crawl Stone Soup version 0.30-a0-305-g026cb31310 (webtiles) character file.

Game seed: 2976955455151678612

48 koil the Sneak (level 3, 0/27 HPs)
             Began as a Spriggan Brigand on Oct 23, 2022.
             Succumbed to an adder's poison
             ... on level 2 of the Dungeon.
             The game lasted 00:02:17 (927 turns).

koil the Sneak (Spriggan Brigand)                    Turns: 927, Time: 00:02:18

Health: 0/27       AC: 21    Str:  7    XL:     3   Next: 50%
Magic:  5/6        EV:  4    Int: 14    God:
Gold:   13         SH:  0    Dex: 16    Spells: 2/4 levels left

rFire   . . .      SeeInvis +    a - +2 dagger
rCold   . . .      Faith    .    (no shield)
rNeg    . . .      Spirit   .    (body armour currently unavailable)
rPois   +          Reflect  .    (helmet currently unavailable)
rElec   .          Harm     .    (cloak currently unavailable)
rCorr   .          Rampage  .    (gloves unavailable)
Will    .....      NoTele   +    (boots unavailable)
Stlth   +++.......               (no amulet)
HPRegen 0.24/turn                (no ring)
MPRegen 0.10/turn                (no ring)

@: lethally poisoned (0 -> -4), tree-form, hasted, invisible, very quick
A: stationary, stasis, torment immunity, boosted hp, very small, no large
weapons, unfitting armour, see invisible, (speed 3)
a: no special abilities


You were on level 2 of the Dungeon.
You were a tree.
You visited 1 branch of the dungeon, and saw 2 of its levels.

You collected 13 gold pieces.

Inventory:

Hand Weapons
 a - a +2 dagger (weapon)
Missiles
 d - 9 poisoned darts (quivered)
 e - 3 curare-tipped darts
Armour
 b - a +0 robe (melded)
 c - a +0 cloak (melded)
Scrolls
 f - 2 scrolls of poison {unknown}
 g - a scroll of torment {unknown}
 k - a scroll of identify {unknown}
Potions
 j - a potion of haste


   Skills:
 + Level 2.0 Fighting
 + Level 2.7 Short Blades
 - Level 2.0 Throwing
 + Level 2.3 Dodging
 + Level 6.2 Stealth
 + Level 1.4 Spellcasting
 + Level 0.6 Translocations


You had 2 spell levels left.
You knew the following spells:

 Your Spells              Type           Power      Damage    Failure   Level
a - Blink                 Tloc           4%         N/A       28%         2

Your spell library contained the following spells:

 Spells                   Type           Power      Damage    Failure   Level
 Foxfire                  Conj/Fire      0%         2x1d4     26%         1
 Momentum Strike          Conj/Tloc      2%         3d8       32%         2
 Searing Ray              Conj           0%         2d4       36%         2
 Lesser Beckoning         Tloc           4%         N/A       50%         3


Dungeon Overview and Level Annotations

Branches:
Dungeon (2/15)

Altars:


Innate Abilities, Weirdness & Mutations

You are a tree.
Your roots penetrate the ground, keeping you stationary.
You cannot be teleported.
You are immune to unholy pain and torment.
Your maximum health is greatly increased.
Your equipment is partially melded.
You are very small and have problems with some larger weapons.
You are too small for most types of armour.
You have supernaturally acute eyesight. (SInv)
((You cover ground extremely quickly. (Speed+++)))


Message History

You closely miss the adder.
You feel sick. The adder bites you.
You are more poisoned.
The adder poisons you! The adder barely misses you.
You closely miss the adder.
You feel sick. The adder bites you.
You are more poisoned.
The adder poisons you!
You are too injured to fight recklessly!
You are too injured to fight recklessly!
You are too injured to fight recklessly!
You are too injured to fight recklessly!
It was a potion of lignification.
You turn into a tree.
Your +0 cloak melds into your body.
Your +0 robe melds into your body.
Your roots penetrate the ground.
* * * LOW HITPOINT WARNING * * *
You feel very sick. The adder bites you but does no damage.
Okay, then.
It was a potion of invisibility.
You fade into invisibility!
* * * LOW HITPOINT WARNING * * *
You feel very sick. The adder barely misses you.
You hit the adder.
The adder is lightly wounded.
* * * LOW HITPOINT WARNING * * *
You feel sick. The adder barely misses you.
You strike the helpless adder from behind!
You impale the adder!!
You kill the adder!
* * * LOW HITPOINT WARNING * * *
You feel sick.
Your Fighting skill increases to level 2!
It was a potion of haste.
You feel yourself speed up.
* * * LOW HITPOINT WARNING * * *
You feel sick.
Unknown command.
Unknown command.
Unknown command.
Unknown command.
You die...

# ## .# .# #:# #
.# #.. #. .###.#
#..####.#.##.###
#.$)♣..........#
#.######.###.#:
######.###.#
#..........#
#.####.##..#
#.##..#
#.##..######
#...........
####..######


There were no monsters in sight!

Vanquished Creatures
  An adder (D:2)
  4 ball pythons (D:1)
  2 bats (D:1)
  2 endoplasms (D:1)
  A giant cockroach (D:1)
  2 goblins (D:1)
  5 hobgoblins
  4 jackals (D:1)
  3 quokkas (D:1)
  3 frilled lizards (D:1)
  4 kobolds
  4 rats (D:1)
35 creatures vanquished.

Notes
Turn   | Place    | Note
-------+----------+-------------------------------------------
     0 | D:1      | koil the Spriggan Brigand began the quest for the Orb.
     0 | D:1      | Reached XP level 1. HP: 10/10 MP: 2/2
    55 | D:1      | Reached skill level 6 in Stealth
    89 | D:1      | Reached XP level 2. HP: 12/15 MP: 2/4
   176 | D:1      | Reached skill level 1 in Spellcasting
   329 | D:1      | Learned a level 2 spell: Blink
   432 | D:1      | Reached XP level 3. HP: 18/18 MP: 5/5
   805 | D:1      | Got the Lectures on Blows and Bruises
   925 | D:2      | HP: 1/27 [poisoned by an adder]
   927 | D:2      | Succumbed to an adder's poison

Illustrated notes

Levels and vault maps discovered:
D:1:      psy_arrival_terrarium, layout_basic
D:2:      layout_loops_ring

Skill      XL: |  1  2  3 |
---------------+----------+-----
Stealth        | 6 |  6.2
Spellcasting   | 1 |  1.4
Dodging        | 2 |  2.3
Fighting       | 2 |  2.0
Short Blades   | |  2.7
Throwing       | |  2.0
Translocations | |  0.6

Action                   || total
-------------------------++-------
Melee: Dagger            ||   132
       Punch             ||     1
  Use: Potion            ||     3
 Stab: Sleeping          ||     6
       Invisible         ||     1
Armor: Robe              ||    14
       Skin              ||     1
Dodge: Dodged            ||    78

Table legend: (Time is in decaauts)
 A = Elapsed time spent in this place.
 B = Non-inter-level travel time spent in this place.
 C = Inter-level travel time spent in this place.
 D = Time resting spent in this place.
 E = Time spent auto-exploring this place.
 F = Levels seen in this place.
 G = Mean time per level.
                   A        B        C        D        E       F      G
               +--------+--------+--------+--------+--------+-----+--------+
         Total |    651 |    643 |      8 |      0 |    445 |   2 |  325.5 |
       Dungeon |    651 |    643 |      8 |      0 |    445 |   2 |  325.5 |
               +--------+--------+--------+--------+--------+-----+--------+

Top non-repeatable levels by time:
     D:1: 615 daAuts
     D:2: 36 daAuts
